 Dungeon Crawl Stone Soup version 0.31-a0-986-g5e6e4ef867 (webtiles) character file.

Game seed: 13070909379746940900

2527 serber55 the Mimic (level 9, -1/61 HPs)
             Began as an Octopode Shapeshifter on Nov 13, 2023.
             Was a High Priest of Cheibriados.
             Engulfed by a steam dragon's steam (10 damage)
             ... on level 7 of the Dungeon.
             The game lasted 00:23:51 (6347 turns).

serber55 the Mimic (Octopode Shapeshifter)          Turns: 6347, Time: 00:23:51

Health: -1/61      AC: -2    Str: 26 (28) XL:     9   Next: 54%
Magic:  9/9        EV: 17    Int: 21 (23) God:    Cheibriados [*****.]
Gold:   222        SH:  0    Dex: 22 (23) Spells: 8/8 levels left

rFire   . .          .
                       - Unarmed
rCold   . . .        (shield currently unavailable)
rNeg    . . .        (helmet restricted)
rPois   .            o - amulet of faith
rElec   .            (no ring)
rCorr   .            (no ring)
SInv    .            (no ring)
Will    .....        (no ring)
Stlth   +            (no ring)
HPRegen 0.30/turn    (no ring)
MPRegen 0.11/turn    (no ring)
                     (no ring)

%: clarity, faith
@: flux-form, corroded, glowing, invisible (but backlit and visible), very slow
A: glow, contaminating, almost no armour, amphibious, 8 rings, camouflage 1,
gelatinous body 1, (nimble swimmer 1), tentacles, tentacle spike 1, clarity,
shaggy fur 1
a: Begin Untransformation, Renounce Religion, Bend Time, Temporal Distortion,
Slouch, Step From Time


You were on level 7 of the Dungeon.
You worshipped Cheibriados.
Cheibriados was extremely pleased with you.
You were something dangerously unstable.
You visited 1 branch of the dungeon, and saw 7 of its levels.
You also visited: Ossuary.

You collected 342 gold pieces.
You spent 120 gold pieces at shops.

Inventory:

Missiles
 e - a throwing net
 y - 5 poisoned darts (quivered)
Jewellery
 o - an amulet of faith (around mantle)
Talismans
 b - a beast talisman
 c - a flux talisman (active)
 j - a maw talisman
Wands
 h - a wand of flame (7)
 r - a wand of paralysis (5)
 t - a wand of mindburst (6)
Scrolls
 f - 2 scrolls of poison
 g - 8 scrolls of teleportation
 p - a scroll of blinking
 w - a scroll of enchant weapon
Potions
 a - 7 potions of attraction
 d - 4 potions of curing
 i - a potion of magic
 k - a potion of cancellation
 l - 3 potions of might
 m - 4 potions of enlightenment
 n - 6 potions of brilliance
 q - a potion of lignification
 s - a potion of degeneration
 u - a potion of mutation
 z - a potion of heal wounds {unknown}


   Skills:
 + Level 5.5 Fighting
 + Level 5.9 Dodging
 + Level 6.3 Unarmed Combat
 * Level 8.0 Shapeshifting


You had 8 spell levels left.
You didn't know any spells.
Your spell library contained the following spells:

 Spells                   Type           Power      Damage    Failure   Level
 Inner Flame              Hex/Fire       0%         N/A       47%         3
 Anguish                  Hex/Necr       0%         N/A       87%         4
 Cause Fear               Hex            0%         N/A       87%         4
 Yara's Violent Unravell  Hex/Tmut       0%         3d3       99%         5
 Enfeeble                 Hex            0%         N/A       100%        7


Dungeon Overview and Level Annotations

Branches:
Dungeon (7/15)             Temple (0/1) D:5         Ossuary (visited)

Altars:
Ashenzari
Cheibriados
Elyvilon
Gozag
Ru
Sif Muna
Uskayaw
Yredelemnul
Zin
The Shining One

Shops:
D:2 =   D:4 **!


Innate Abilities, Weirdness & Mutations

You are something dangerously unstable.
You glow with magical radiation, making you easy to see and hit.
Foes you strike become dangerously contaminated with magical radiation.
You are incapable of wielding weapons or throwing items.
You cannot wear most types of armour.
You are amphibious.
You can wear up to eight rings at the same time.
Your skin changes colour to match your surroundings (Stealth+).
Your rubbery body absorbs attacks. (AC +1, EV +1)
((You are camouflaged when in or above water. (Stealth+)))
You have tentacles for arms and can constrict up to eight enemies at once.
One of your tentacles bears a spike.
You possess an exceptional clarity of mind.
You are covered in fur. (AC +1)


Message History

The steam dragon hisses angrily.
You bludgeon the orc priest!
The orc priest begins to glow.
Your grab misses the orc priest. You squeeze the orc priest.
The orc priest is severely wounded.
The orc priest looks encouraged for a moment.
You tentacle-slap the orc priest.
The orc priest glows dangerously bright.
You grab the orc priest.
The orc priest is almost dead.
You constrict the orc priest.
You kill the orc priest!
Cheibriados appreciates the change of pace.
The steam dragon breathes steam at you.
The ball of steam hits the orc!!
The orc dies!
The ball of steam hits something!
The ball of steam hits you.
You hear some strange, mumbled words.
Something tries to affect you, but you resist.
Your Shapeshifting skill increases to level 8!
You are engulfed in a cloud of scalding steam.
* * * LOW HITPOINT WARNING * * *
Reactivating autopickup.
Unknown command.
You are engulfed in a cloud of scalding steam.
* * * LOW HITPOINT WARNING * * *
The orc is engulfed in a cloud of scalding steam.
The orc dies!
The jelly is engulfed in a cloud of scalding steam.
The jelly misses you.
The orc is engulfed in a cloud of scalding steam.
The orc dies!
The jelly is engulfed in a cloud of scalding steam.
The jelly hits you.
* * * LOW HITPOINT WARNING * * *
The acid corrodes you!
You are splashed with acid.
* * * LOW HITPOINT WARNING * * *
Items here: ))))) [ †††.
You feel better.
You are engulfed in a cloud of scalding steam.
You die...

#.....## #####..# .#
#......###### ##.###
............# .....##
.......)....# ..)...#
...#........# ?......
.......#....### .....#
..............####)....#
.)))........#...pJD....#
..<)...#....######)§...#
............. .......
.......#....## .......
......>#....# .......
..#....#.)... .......
.......#..... ###gg##
......## ...


gg# ...##.. You could see a steam dragon and a jelly.

Vanquished Creatures
  A wraith (Ossuary)
  Eustachio (D:4)
  2 water moccasins
  A sky beast (D:7)
  Duvessa (D:6)
  A black bear (D:5)
  An ice beast (D:5)
  2 ogres
  A centaur (D:4)
  2 bullfrogs (D:7)
  7 scorpions
  Dowan (D:6)
  A howler monkey (D:7)
  A jelly (D:5)
  An orc priest (D:7)
  5 hounds
  2 iguanas
  A gnoll bouda (D:7)
  A human zombie (Ossuary)
  Jessica (D:3)
  An orc wizard (D:7)
  3 mummies (Ossuary)
  10 adders
  10 gnolls
  2 shadow imps
  2 white imps
  4 worms
  2 dart slugs (D:4)
  16 orcs
  8 ball pythons
  16 endoplasms
  3 giant cockroaches
  A gnoll zombie (Ossuary)
  11 goblins
  8 hobgoblins
  4 jackals
  2 quokkas
  6 bats
  7 frilled lizards
  5 goblin zombies (Ossuary)
  4 hobgoblin zombies (Ossuary)
  5 kobolds
  2 kobold zombies (Ossuary)
  An orc zombie (Ossuary)
  4 rats
171 creatures vanquished.

Vanquished Creatures (others)
  An orc wizard (D:7)
  3 orcs (D:7)
4 creatures vanquished.

Grand Total: 175 creatures vanquished

Notes
Turn   | Place    | Note
-------+----------+-------------------------------------------
     0 | D:1      | serber55 the Octopode Shapeshifter began the quest for the
                  | Orb.
     0 | D:1      | Reached XP level 1. HP: 13/13 MP: 1/1
   130 | D:1      | Reached XP level 2. HP: 18/18 MP: 2/2
   522 | D:1      | Reached XP level 3. HP: 23/23 MP: 3/3
  1113 | D:2      | Reached XP level 4. HP: 13/29 MP: 4/4
  1688 | D:2      | Found Wifesip's Jewellery Shoppe.
  1821 | D:3      | Reached skill level 4 in Shapeshifting
  1896 | D:3      | Found a faded altar of an unknown god.
  1911 | D:3      | Found a basalt altar of Yredelemnul.
  1931 | D:3      | Prayed at the altar of an unknown god.
  1931 | D:3      | Became a worshipper of Cheibriados the Contemplative
  1931 | D:3      | Reached * piety under Cheibriados
  2035 | D:3      | Reached XP level 5. HP: 34/34 MP: 5/5
  2135 | D:3      | Found a broken altar of Ashenzari.
  2384 | D:3      | Noticed Jessica
  2396 | D:3      | Killed Jessica
  2557 | D:4      | Gained mutation: You possess an exceptional clarity of
                  | mind. [potion of mutation]
  2557 | D:4      | Gained mutation: You have hidden genetic potential. [potion
                  | of mutation]
  2610 | D:4      | Found a glowing golden altar of the Shining One.
  2650 | D:4      | Reached ** piety under Cheibriados
  2714 | D:4      | Found Una Vatiqe's General Store.
  2729 | D:4      | Found Qucer's Specific Store.
  2867 | D:4      | Found an opulent altar of Gozag.
  2897 | D:4      | Reached XP level 6. HP: 41/41 MP: 6/6
  2903 | D:4      | Found Enyiwk's Distillery.
  2917 | D:4      | Found a sacrificial altar of Ru.
  3032 | D:4      | Noticed Eustachio
  3045 | D:4      | Found a sand-covered staircase.
  3050 | Ossuary  | Entered an ossuary
  3050 | Ossuary  | Noticed a wraith
  3050 | Ossuary  | Noticed a wraith
  3050 | Ossuary  | Noticed a wraith
  3104 | Ossuary  | Gained mutation: One of your tentacles bears a spike.
                  | [hidden potential]
  3273 | Ossuary  | Noticed a wraith
  3286 | Ossuary  | Killed a wraith
  3287 | Ossuary  | Reached skill level 5 in Shapeshifting
  3287 | Ossuary  | Reached XP level 7. HP: 46/46 MP: 7/7
  3510 | D:4      | Gained mutation: You are covered in fur. (AC +1) [hidden
                  | potential]
  3510 | D:4      | Lost mutation: You have hidden genetic potential. [hidden
                  | potential expressed]
  3532 | D:4      | Found a glowing silver altar of Zin.
  3615 | D:4      | Bought a scroll of poison for 48 gold pieces
  3615 | D:4      | Bought a scroll of fear for 48 gold pieces
  3615 | D:4      | Bought a scroll of identify for 24 gold pieces
  3761 | D:4      | Found a hide-covered altar of Uskayaw.
  3761 | D:4      | Noticed a +0 dagger
  3765 | D:4      | Killed Eustachio
  3767 | D:4      | Noticed a +0 dagger
  4053 | D:5      | Entered Level 5 of the Dungeon
  4055 | D:5      | Reached *** piety under Cheibriados
  4096 | D:5      | Found a staircase to the Ecumenical Temple.
  4130 | D:5      | Reached XP level 8. HP: 54/54 MP: 8/8
  4154 | D:5      | Reached skill level 5 in Unarmed Combat
  4154 | D:5      | Reached skill level 6 in Shapeshifting
  4461 | D:5      | HP: 2/54 [acid (5)]
  4757 | D:5      | Found a shimmering blue altar of Sif Muna.
  4791 | D:5      | Reached skill level 5 in Dodging
  4967 | D:6      | Noticed Duvessa
  4968 | D:6      | Noticed Dowan
  4974 | D:6      | Killed Duvessa
  4984 | D:6      | Reached skill level 7 in Shapeshifting
  5009 | D:6      | Killed Dowan
  5171 | D:6      | Reached **** piety under Cheibriados
  5267 | D:6      | Reached XP level 9. HP: 59/60 MP: 9/9
  5307 | D:6      | Reached skill level 5 in Fighting
  6088 | D:7      | Found a white marble altar of Elyvilon.
  6314 | D:7      | Reached ***** piety under Cheibriados
  6335 | D:7      | HP: 1/61 [orc priest/divine providence (12)]
  6345 | D:7      | Reached skill level 8 in Shapeshifting
  6346 | D:7      | HP: 2/61 [acid (6)]
  6347 | D:7      | Engulfed by a steam dragon's steam

Illustrated notes

Levels and vault maps discovered:
D:1:      dpeg_arrival_simpleton_b, layout_basic, serial_bayou,
          serial_bayou_shore_a, serial_bayou_pond_b, serial_bayou_pond_b,
          serial_bayou_lake_a, serial_bayou_lagoon_a, serial_bayou_pond_d
D:2:      layout_rooms, serial_shops, shop, solitary_fountain
D:3:      layout_basic, mainiacjoe_overflow_concentric_impassable,
          mainiacjoe_overflow_brackets, ebering_ecumenical_altar_mist,
          hangedman_decor_points, chequers_serial_rivers_micro_b, uniq_jessica
D:4:      minmay_wonky_spiral, layout_loops_cross,
          lemuel_coloured_pillars_altar, old_standard_altar, tso_altar,
          dancing_weapons_uskayaw, mainiacjoe_overflow_surrounded_room,
          serial_shops, nicolae_shop_industrial_runoff, enter_ossuary_2,
          nicolae_specific_store, uniq_eustachio
D:5:      layout_rooms, nicolae_sif_muna_condensation,
          minmay_temple_entry_slanted, dreamdust_gnoll_farm
D:6:      layout_loops_corners, serial_glass, glass_columns_a, glass_columns_c,
          glass_columns_a, glass_columns_b, glass_columns_a, glass_columns_a,
          glass_columns_c, glass_columns_a, glass_columns_c, glass_columns_a,
          glass_columns_b, glass_columns_a, glass_columns_a, glass_columns_b,
          chequers_decorated_corner, uniq_duvessa
D:7:      layout_rooms, kennysheep_little_box

Skill      XL: |  1  2  3  4  5  6  7  8  9 |
---------------+----------------------------+-----
Fighting       | 2 3 4 5 |  5.5
Shapeshifting  | 4 5 7 8 |  8.0
Dodging        | 3 4 5 |  5.9
Unarmed Combat | 4 5 6 |  6.3

Action                     |  1- 3 |  4- 6 |  7- 9 || total
---------------------------+-------+-------+-------++-------
  Melee: Unarmed           |    81 |   145 |   159 ||   385
         Constrict         |    14 |    41 |    44 ||    99
         Tentacles         |     6 |    29 |    33 ||    68
         Punch             |     2 |     5 |     1 ||     8
         Kick              |       |     4 |    71 ||    75
  Evoke: Wand              |       |       |     5 ||     5
    Use: Potion            |     1 |     2 |    11 ||    14
         Scroll            |       |    11 |     5 ||    16
   Stab: Sleeping          |     2 |    10 |     9 ||    21
         Paralysed         |       |       |     3 ||     3
         Distracted        |       |       |     1 ||     1
 Armour: Skin              |    25 |    43 |    86 ||   154
  Dodge: Dodged            |    39 |    95 |    95 ||   229
   Form: Flux              |       |       |     1 ||     1

Table legend: (Time is in decaauts)
 A = Elapsed time spent in this place.
 B = Non-inter-level travel time spent in this place.
 C = Inter-level travel time spent in this place.
 D = Time resting spent in this place.
 E = Time spent auto-exploring this place.
 F = Levels seen in this place.
 G = Mean time per level.
                   A        B        C        D        E       F      G
               +--------+--------+--------+--------+--------+-----+--------+
         Total |   7991 |   7718 |    273 |    901 |   5232 |   8 |  998.9 |
       Dungeon |   7438 |   7165 |    273 |    889 |   4812 |   7 | 1062.6 |
       Ossuary |    553 |    553 |      0 |     12 |    419 |   1 |  553.0 |
               +--------+--------+--------+--------+--------+-----+--------+

Top non-repeatable levels by time:
     D:6: 1651 daAuts
     D:4: 1514 daAuts
     D:3: 1053 daAuts
     D:5: 1043 daAuts
     D:1: 1003 daAuts
     D:2: 745 daAuts
 Ossuary: 553 daAuts
     D:7: 427 daAuts
